 Dungeon Crawl Stone Soup version 0.26.1-2-gb8aa6d0cf2 (webtiles) character file.

Game seed: 3581275456564407928

30 Allula97 the Skirmisher (level 3, -6/29 HPs)
             Began as a Demonspawn Monk on Feb 12, 2021.
             Mangled by an orc warrior
             ... wielding a +0 trident
              (21 damage)
             ... on level 2 of the Dungeon.
             The game lasted 00:04:38 (1118 turns).

Allula97 the Skirmisher (Demonspawn Monk)           Turns: 1118, Time: 00:04:38

Health: -6/29      AC:  2    Str: 11    XL:     3   Next: 3%
Magic:  3/3        EV: 13    Int: 11    God:
Gold:   37         SH:  0    Dex: 16    Spells: 2/2 levels left

rFire    . . .     SeeInvis .   a - +0 falchion
rCold    . . .     Faith    .   (no shield)
rNeg     . . .     Spirit   .   b - +0 robe
rPois    .         Reflect  .   (no helmet)
rElec    .         Harm     .   (no cloak)
rCorr    .         Rampage  .   (no gloves)
Will     .....                  (no boots)
Stlth    ++........             (no amulet)
HPRegen  0.09/turn              (no ring)
MPRegen  0.08/turn              (no ring)

@: no status effects
A: talons 1, powered by death 1
a: no special abilities


You were on level 2 of the Dungeon.
You visited 1 branch of the dungeon, and saw 2 of its levels.

You collected 37 gold pieces.

Inventory:

Hand Weapons
 a - a +0 falchion (weapon)
Missiles
 e - 8 poisoned darts (quivered)
Armour
 b - a +0 robe (worn)
Scrolls
 d - a scroll of magic mapping {unknown}
 g - a scroll of blinking {unknown}
 h - a scroll of teleportation {unknown}
 i - a scroll of fog {unknown}
 j - a scroll of noise {unknown}
Potions
 c - a potion of resistance {unknown}
 f - a potion of curing


   Skills:
 * Level 3.3 Fighting
 * Level 2.9 Long Blades
 + Level 0.5 Armour
 * Level 3.0 Dodging
 * Level 2.1 Stealth


You had 2 spell levels left.
You didn't know any spells.
Your spell library was empty.

Dungeon Overview and Level Annotations

Branches:
Dungeon (2/15)

Altars:


Innate Abilities, Weirdness & Mutations

You have sharp toenails.
You regenerate a little health from kills.


Message History

It was a potion of curing.
You feel better.
Throw: 10 darts (poison)
Press: ? - help, Q - select action Shift-Dir - straight line, f/p - orc warrior
Aim: an orc warrior, wielding a +0 trident and wearing a +0 chain mail (lightly wounded, poisoned, 57% to hit)
You throw a poisoned dart.
The poisoned dart closely misses the orc warrior.
Throw: 9 darts (poison)
Press: ? - help, Q - select action Shift-Dir - straight line, f/p - orc warrior
Aim: an orc warrior, wielding a +0 trident and wearing a +0 chain mail (lightly wounded, poisoned, 57% to hit)
You throw a poisoned dart. The poisoned dart hits the orc warrior.
The orc warrior is lightly wounded.
The orc warrior barely misses you.
The orc warrior hits you with a +0 trident!
You feel better. The orc warrior barely misses you.
You closely miss the orc warrior.
The orc warrior is moderately wounded.
The orc warrior looks more healthy.
The orc warrior hits you with a +0 trident!!
Ouch! That really hurt!
You die...

########
##......##
##..<)....##
#...@......#
#...o......#
#..........#
#..........#
#..........#
##..(.....##
#...(......#
#......)...#
#.........)#


You could see an orc warrior.

Vanquished Creatures
  2 leopard geckos (D:1)
  2 orcs (D:2)
  5 bats
  A bat skeleton (D:2)
  A giant cockroach (D:2)
  3 goblins (D:1)
  A hobgoblin (D:1)
  A ball python (D:1)
  2 frilled lizards (D:1)
  A giant cockroach zombie (D:2)
  5 kobolds
  A quokka zombie (D:2)
25 creatures vanquished.

Notes
Turn   | Place    | Note
-------+----------+-------------------------------------------
     0 | D:1      | Allula97 the Demonspawn Monk began the quest for the Orb.
     0 | D:1      | Reached XP level 1. HP: 18/18 MP: 1/1
   316 | D:1      | Gained mutation: You have sharp toenails. [demonic
                  | ancestry]
   316 | D:1      | Reached XP level 2. HP: 21/24 MP: 2/2
   873 | D:2      | Noticed an orc warrior
  1111 | D:2      | Gained mutation: You regenerate a little health from kills.
                  | [demonic ancestry]
  1111 | D:2      | Reached XP level 3. HP: 10/29 MP: 3/3
  1118 | D:2      | Mangled by an orc warrior

Illustrated notes

Levels and vault maps discovered:
D:1:      dpeg_arrival_water_temple_mockup, layout_basic
D:2:      layout_rooms, nicolae_dithmenos_through_a_glass_darkly,
          lemuel_round_altar, serial_undead, serial_undead_e, serial_undead_e,
          serial_undead_b, serial_undead_b, serial_undead_f, serial_undead_f,
          serial_undead_b

Skill      XL: |  1  2 |
---------------+-------+-----
Stealth        | 2 |  2.1
Dodging        | 3 |  3.0
Fighting       | |  3.3
Long Blades    | |  2.9
Armour         | |  0.5

Action                   || total
-------------------------++-------
Melee: Falchion          ||    68
       Kick              ||    10
Throw: Dart              ||    15
  Use: Potion            ||     2
 Stab: Sleeping          ||     5
Armor: Robe              ||    11
Dodge: Dodged            ||    51
       Rpst.: Falchion   ||     9
